 Dungeon Crawl Stone Soup version 0.31.0-12-g77e489cdc1 (webtiles) character file.

Game seed: 15577129046422292166

32505 Minsecho the Basher (level 13, -1/140 HPs)
             Began as an Oni Cinder Acolyte on Feb 11, 2024.
             Was an Initiate of Nemelex Xobeh.
             Slain by a death yak (28 damage)
             ... on level 4 of the Lair of Beasts.
             The game lasted 00:35:16 (17550 turns).

Minsecho the Basher (Oni Cinder Acolyte)           Turns: 17550, Time: 00:35:18

Health: -1/140     AC:  5    Str: 18    XL:     13   Next: 65%
Magic:  23/23      EV: 17    Int: 15    God:    Nemelex Xobeh [......]
Gold:   415        SH:  0    Dex: 11    Spells: 10/29 levels left

rFire   . . .        o - +9 hammer of Gin and Tonic {flame, rF+ Str-5 Dex+3}
rCold   + . .        (no shield)
rNeg    . . .        d - +2 robe {Will+}
rPois   +            (helmet restricted)
rElec   .            T - scarf {rC+ rF+}
rCorr   +            (gloves unavailable)
SInv    +            (boots unavailable)
Will    ++...        K - amulet of faith
Stlth   +            i - +5 ring of evasion
HPRegen 0.00/turn    b - ring "Jaov" {rPois rCorr Str+2 SInv}
MPRegen 0.18/turn

%: faith
@: about to teleport, inhibited regen, fire susceptible
A: large, unfitting armour, horns 1, tough skin 1, double potion healing,
drunken brawling, fire resistance 1, low MP 1, inhibited regeneration, evolution
2
a: Renounce Religion, Draw Escape, Draw Destruction, Draw Summoning


You were on level 4 of the Lair of Beasts.
You worshipped Nemelex Xobeh.
Nemelex Xobeh was noncommittal.
You visited 3 branches of the dungeon, and saw 14 of its levels.

You collected 823 gold pieces.
You spent 408 gold pieces at shops.

Inventory:

Hand Weapons
 o - the +9 hammer of Gin and Tonic (weapon) {flame, rF+ Str-5 Dex+3}
   (You found it on level 2 of the Dungeon)

   Str-5:     It affects your strength (-5).
   Dex+3:     It affects your dexterity (+3).
   rF+:       It protects you from fire.
Missiles
 a - 26 poisoned darts
 w - a throwing net
 z - 2 atropa-tipped darts
 C - 6 datura-tipped darts
 M - 3 javelins
Armour
 d - a +2 robe of willpower (worn)
 n - a +2 cloak
 p - an orb of wrath
 E - a +2 robe of fire resistance
 Q - a +2 robe of positive energy
 T - a scarf of resistance (worn)
Jewellery
 b - the ring "Jaov" (right hand) {rPois rCorr Str+2 SInv}
   (You found it on level 5 of the Dungeon)

   [ring of poison resistance]

   Str+2:     It affects your strength (+2).
   rPois:     It protects you from poison SInv: It lets you see invisible.
   rCorr:     It protects you from acid and corrosion.
 i - a +5 ring of evasion (left hand)
 k - a ring of fire
 y - an amulet of reflection
 A - a ring of magical power
 K - an amulet of faith (around neck)
 S - an amulet of regeneration
Wands
 j - a wand of quicksilver (13)
 G - a wand of mindburst (9)
 I - a wand of charming (3)
 J - a wand of flame (43)
 P - a wand of iceblast (3)
Scrolls
 f - 2 scrolls of enchant weapon {unknown}
 h - 2 scrolls of silence {unknown}
 r - a scroll of immolation
 s - 2 scrolls of torment {unknown}
 t - 4 scrolls of fog {unknown}
 u - 2 scrolls of enchant armour {unknown}
 x - 3 scrolls of vulnerability {unknown}
 D - a scroll of poison {unknown}
 H - a scroll of brand weapon {unknown}
 O - 2 scrolls of revelation
Potions
 e - a potion of invisibility
 g - 2 potions of berserk rage
 m - a potion of curing
 q - 6 potions of attraction
 B - a potion of cancellation
 F - 3 potions of brilliance
 L - a potion of lignification
 N - a potion of enlightenment
Miscellaneous
 c - a phantom mirror


   Skills:
 * Level 12.1 Fighting
 + Level 12.2 Maces & Flails
 * Level 7.6 Throwing
 + Level 7.5 Dodging
 - Level 0.2 Stealth
 + Level 4.0 Shields
 + Level 8.7 Spellcasting
 + Level 0.2 Hexes
 + Level 7.5 Fire Magic
 * Level 8.8 Invocations
 + Level 0.3 Evocations


You had 10 spell levels left.
You knew the following spells:

 Your Spells              Type           Power      Damage    Failure   Level
a - Inner Flame           Hex/Fire       18%        N/A       7%          3
b - Flame Wave            Conj/Fire      17%        2d7       24%         4
c - Scorch                Fire           58%        2d7       1%          2
d - Ignite Poison         Fire/Alch      17%        N/A       24%         4
e - Sticky Flame          Fire/Alch      17%        2d5       24%         4
f - Jinxbite              Hex            14%        N/A       16%         2

Your spell library contained the following spells:

 Spells                   Type           Power      Damage    Failure   Level
 Apportation              Tloc           12%        N/A       11%         1
 Kiss of Death            Conj/Necr      24%        2d7       11%         1
 Confusing Touch          Hex            7%         N/A       30%         3
 Tukima's Dance           Hex            7%         N/A       30%         3
 Hailstorm                Conj/Ice       6%         3d5       32%         3
 Summon Ice Beast         Ice/Summ       6%         N/A       32%         3
 Anguish                  Hex/Necr       3%         N/A       71%         4
 Cause Fear               Hex            3%         N/A       71%         4
 Dimensional Bullseye     Hex/Tloc       3%         N/A       71%         4
 Dispel Undead            Necr           6%         3d8       73%         4
 Iskenderun's Mystic Bla  Conj/Tloc      6%         2d4       73%         4
 Alistair's Intoxication  Alch           4%         N/A       97%         5
 Irradiate                Conj/Alch      3%         3d12      97%         5
 Sculpt Simulacrum        Ice/Alch       3%         N/A       100%        6
 Enfeeble                 Hex            3%         N/A       100%        7
 Ignition                 Fire           14%        3d6       100%        8


Dungeon Overview and Level Annotations

Branches:
Dungeon (9/15)             Temple (1/1) D:6            Lair (4/5) D:9
  Swamp (0/4) Lair:3       Spider (0/4) Lair:3        Slime (0/5) Lair:4
    Orc: D:9-12

Altars:
Ashenzari
Cheibriados
Dithmenos
Elyvilon
Fedhas
Gozag
Hepliaklqana
Kikubaaqudgha
Makhleb
Nemelex Xobeh
Okawaru
Qazlal
Ru
Sif Muna
Trog
Uskayaw
Vehumet
Wu Jian
Xom
Yredelemnul
Zin
The Shining One

Shops:
D:4 [   D:9 ?*


Innate Abilities, Weirdness & Mutations

You are too large for most types of armour.
You have a pair of small horns on your head.
You have tough skin. (AC +1)
You gain doubled healing and magic from potions.
Whenever you drink a healing potion, you attack all around you.
Your flesh is heat resistant. (rF+)
Your magical capacity is low. (-10% MP)
You do not regenerate when monsters are visible.
You have great hidden genetic potential.


Message History

The death yak is severely wounded.
The death yak misses you.
Casting: Scorch (safe; 1% risk of failure)
Confirm with . or Enter, or press ? or * to list all spells.
Flames lash the death yak.
The death yak is burned terribly!
The death yak is almost dead.
The death yak closely misses you.
You thump the death yak! You burn the death yak.
You kill the death yak!
No target in view!
You start resting.
Magic restored.
You start resting.
HP restored.
You climb downwards.
The yak misses you. The death yak gores you!! The yak barely misses you.
The death yak gores you!! The yak misses you. x2
The death yak misses you. The death yak gores you!!
There is a stone staircase leading up, spattered with blood here.
Okay, then.
As you read the scroll of teleportation, it crumbles to dust.
You feel strangely unstable. The yak barely misses you.
The death yak gores you. The death yak misses you.
The yak gores you but does no damage.
Okay, then.
Okay, then.
Unknown command.
The yak attacks as it pursues you! The yak misses you.
The death yak attacks as it pursues you!
The death yak gores you!!
* * * LOW HITPOINT WARNING * * *
You see here a yak skeleton.
You hit the yak. You burn the yak.
The yak is lightly wounded.
You sock the yak! You burn the yak.
The yak is heavily wounded.
The death yak gores you!
* * * LOW HITPOINT WARNING * * *
The death yak gores you!!
You die...
Your body disappears without a glow.

#..#..# #...## ### ##....##...
####### ###.# ###.....#... ###
####.#......... ###
##..P........... ###
#.####...............
#P#######...........P.......
####...#.##.........†###.......
###...#.............#.## ##......
#..............Y@....## #.......
...............YY.....#####......
................Y......P# #......
.......................#####.....
.......................# #.......
......................## ##......
...^..................# #.......
..##.................## #.......
...##.....#.#........# ##......


You could see 2 death yaks and 2 yaks.

Vanquished Creatures
  The ghost of Qavvik the Warrior, an adept NaIE of Gozag (Lair:2)
  Josephine (Lair:3)
  3 hydras
  A boulder beetle (Lair:3)
  3 death yaks
  Pikel (D:9)
  An oklob plant (Lair:2)
  Maurice (D:7)
  3 elephants (Lair:4)
  4 black mambas
  8 cane toads
  A torpor snail (Lair:4)
  4 rime drakes
  9 komodo dragons
  A troll (D:9)
  4 polar bears
  A jumping spider (Lair:3)
  9 blink frogs
  3 slime creatures (Lair:4)
  A wyvern (Lair:2)
  5 wraiths (Lair:3)
  49 yaks
  12 fire elementals
  3 redbacks (Lair:3)
  3 steam dragons
  Menkaure (D:4)
  Duvessa (D:7)
  7 water moccasins
  3 black bears
  2 orc warriors
  4 sky beasts
  3 ogres
  4 centaurs
  A kobold brigand (D:9)
  3 scorpions
  15 bullfrogs
  A gnoll sergeant (D:7)
  5 wights
  Dowan (D:7)
  3 killer bees (D:9)
  2 bombardier beetles (D:5)
  A howler monkey (D:5)
  An electric eel (Lair:4)
  Crazy Yiuf (D:2)
  4 hounds
  2 jellies
  6 orc priests
  Jessica (D:2)
  12 orc wizards
  A sleepcap (D:7)
  Natasha (thrice) (D:4)
  2 iguanas
  6 gnolls
  8 adders
  2 shadow imps (D:6)
  A white imp (D:5)
  2 ufetubi (D:5)
  4 dart slugs
  20 orcs
  3 bats
  7 endoplasms
  4 giant cockroaches
  9 goblins
  2 hobgoblins (D:1)
  8 jackals
  9 quokkas
  9 ball pythons
  6 frilled lizards
  9 kobolds
  4 rats (D:1)
335 creatures vanquished.

Vanquished Creatures (others)
  A killer bee (D:9)
  17 foxfires (Lair:4)
18 creatures vanquished.

Grand Total: 353 creatures vanquished

Notes
Turn   | Place    | Note
-------+----------+-------------------------------------------
     0 | D:1      | Minsecho the Oni Cinder Acolyte began the quest for the
                  | Orb.
     0 | D:1      | Reached XP level 1. HP: 24/24 MP: 2/2
   209 | D:1      | Reached XP level 2. HP: 32/32 MP: 3/3
   591 | D:1      | Learned a level 2 spell: Scorch
   626 | D:1      | Reached XP level 3. HP: 35/40 MP: 4/4
  1451 | D:2      | Noticed Jessica
  1453 | D:2      | Killed Jessica
  1454 | D:2      | Reached XP level 4. HP: 35/49 MP: 1/6
  1525 | D:2      | Found a faded altar of an unknown god.
  1573 | D:2      | Reached skill level 1 in Dodging
  1978 | D:2      | Found a runed translucent door.
  1979 | D:2      | Noticed Crazy Yiuf
  1985 | D:2      | Killed Crazy Yiuf
  1986 | D:2      | Reached skill level 5 in Fighting
  1986 | D:2      | Reached XP level 5. HP: 43/57 MP: 3/8
  1989 | D:2      | Identified the +9 hammer of Gin and Tonic {flame, rF+ Str-5
                  | Dex+3}
  2232 | D:2      | Learned a level 3 spell: Inner Flame
  3122 | D:4      | Noticed Menkaure
  3156 | D:4      | Noticed an ogre
  3218 | D:4      | Reached XP level 6. HP: 61/66 MP: 10/10
  3339 | D:4      | Found Saolum's Armour Emporium.
  3482 | D:4      | Killed Menkaure
  3483 | D:4      | Reached XP level 7. HP: 54/72 MP: 6/12
  3686 | D:4      | Noticed Natasha
  3687 | D:4      | Reached skill level 5 in Maces & Flails
  3692 | D:4      | Killed Natasha
  3798 | D:4      | Noticed Natasha
  3898 | D:4      | Killed Natasha
  3915 | D:4      | Noticed Natasha
  3918 | D:4      | Killed Natasha
  3966 | D:5      | Entered Level 5 of the Dungeon
  4172 | D:5      | Reached XP level 8. HP: 69/83 MP: 15/15
  4351 | D:5      | Identified the ring "Jaov" {rPois rCorr Str+2 SInv}
  4490 | D:5      | Found a sacrificial altar of Ru.
  4498 | D:5      | Noticed a yak
  4499 | D:5      | Noticed a yak
  4499 | D:5      | Noticed a yak
  4499 | D:5      | Noticed a yak
  4501 | D:5      | Noticed a yak
  4512 | D:5      | Killed a yak
  4519 | D:5      | Killed a yak
  4529 | D:5      | Killed a yak
  4535 | D:5      | Killed a yak
  4536 | D:5      | Reached skill level 5 in Spellcasting
  4612 | D:5      | Killed a yak
  4613 | D:5      | Reached XP level 9. HP: 86/92 MP: 16/16
  5435 | D:6      | Found a staircase to the Ecumenical Temple.
  5468 | Temple   | Entered the Ecumenical Temple
  5872 | D:7      | Found an iron altar of Okawaru.
  5891 | D:7      | Noticed Duvessa
  5892 | D:7      | Noticed Dowan
  5900 | D:7      | Reached skill level 1 in Shields
  5904 | D:7      | Killed Dowan
  5905 | D:7      | Reached skill level 5 in Fire Magic
  5913 | D:7      | Killed Duvessa
  5914 | D:7      | Reached skill level 1 in Throwing
  6020 | D:7      | Noticed Maurice
  6033 | D:7      | Maurice stole 260 gold
  6056 | D:7      | Maurice stole a ring of resist corrosion
  6057 | D:7      | Killed Maurice
  6161 | D:7      | Reached XP level 10. HP: 94/104 MP: 18/18
  6574 | D:7      | Found a snail-covered altar of Cheibriados.
  6579 | D:7      | Found an ornate altar of the Wu Jian Council.
  6590 | D:7      | Found a glowing golden altar of the Shining One.
  6859 | D:8      | Reached skill level 5 in Dodging
  6859 | D:8      | Reached skill level 1 in Invocations
  7576 | D:9      | Found Jivel's General Store.
  7579 | D:9      | Bought 3 javelins for 99 gold pieces
  7579 | D:9      | Bought a wand of flame (9) for 69 gold pieces
  7594 | D:9      | Found Sunt's Magic Scroll Boutique.
  7597 | D:9      | Bought a scroll of identify for 26 gold pieces
  7597 | D:9      | Bought a scroll of revelation for 97 gold pieces
  7597 | D:9      | Bought a scroll of teleportation for 39 gold pieces
  7597 | D:9      | Bought a scroll of identify for 26 gold pieces
  7597 | D:9      | Bought a scroll of identify for 26 gold pieces
  7597 | D:9      | Bought a scroll of identify for 26 gold pieces
  7711 | D:9      | Noticed Pikel
  7747 | D:9      | Killed Pikel
  7929 | D:9      | Found a staircase to the Lair.
  8118 | D:9      | Found a hazy altar of Hepliaklqana.
  8118 | D:9      | Found a blossoming altar of Fedhas.
  8121 | D:9      | Found a hide-covered altar of Uskayaw.
  8123 | D:9      | Found a shimmering altar of Xom.
  8188 | D:9      | Reached XP level 11. HP: 107/113 MP: 21/21
  8256 | Lair:1   | Entered Level 1 of the Lair of Beasts
  8261 | Lair:1   | Reached skill level 10 in Maces & Flails
  8950 | Lair:1   | Reached skill level 5 in Throwing
  8950 | Lair:1   | Reached skill level 5 in Invocations
 10242 | Lair:2   | Reached XP level 12. HP: 111/124 MP: 23/23
 10557 | Lair:2   | Found a runed translucent gate.
 10558 | Lair:2   | Noticed a nine-headed hydra
 10580 | Lair:2   | Reached skill level 10 in Fighting
 10823 | Lair:2   | Found a runed translucent gate.
 10824 | Lair:2   | Found a runed translucent gate.
 10825 | Lair:2   | Noticed Qavvik's ghost (adept NaIE)
 11738 | Lair:3   | Noticed a boulder beetle
 11944 | Lair:3   | Killed a boulder beetle
 12123 | Lair:3   | Gained mutation: You are frail. (-10% HP) [potion of
                  | mutation]
 12123 | Lair:3   | Gained mutation: You have sharp fingernails. [potion of
                  | mutation]
 12124 | Lair:3   | Lost mutation: You are frail. (-10% HP) [potion of
                  | mutation]
 12124 | Lair:3   | Lost mutation: You have sharp fingernails. [potion of
                  | mutation]
 12124 | Lair:3   | Gained mutation: Your muscles are strong. (Str +4, Int/Dex
                  | -1) [potion of mutation]
 12124 | Lair:3   | Gained mutation: You do not regenerate when monsters are
                  | visible. [potion of mutation]
 12124 | Lair:3   | Gained mutation: You are robust. (+10% HP) [potion of
                  | mutation]
 12125 | Lair:3   | Lost mutation: Your muscles are strong. (Str +4, Int/Dex
                  | -1) [potion of mutation]
 12125 | Lair:3   | Lost mutation: You are robust. (+10% HP) [potion of
                  | mutation]
 12125 | Lair:3   | Gained mutation: You have a pair of horns on your head.
                  | [potion of mutation]
 12125 | Lair:3   | Gained mutation: You are covered in fur. (AC +1) [potion of
                  | mutation]
 12126 | Lair:3   | Lost mutation: You have a pair of horns on your head.
                  | [potion of mutation]
 12126 | Lair:3   | Lost mutation: You are covered in fur. (AC +1) [potion of
                  | mutation]
 12126 | Lair:3   | Gained mutation: You have sharp toenails. [potion of
                  | mutation]
 12126 | Lair:3   | Gained mutation: You are partially covered in iridescent
                  | scales. (AC +2) [potion of mutation]
 12233 | Lair:3   | Found a staircase to the Swamp.
 12338 | Lair:3   | Found a hole to the Spider Nest.
 12391 | Lair:3   | Noticed Josephine
 12795 | Lair:3   | Killed Josephine
 13367 | Lair:4   | Noticed a four-headed hydra
 13556 | Lair:4   | Killed a four-headed hydra
 13557 | Lair:4   | Reached XP level 13. HP: 63/137 MP: 23/25
 13789 | Lair:4   | Learned a level 4 spell: Flame Wave
 13794 | Lair:4   | Learned a level 4 spell: Ignite Poison
 13799 | Lair:4   | Learned a level 4 spell: Sticky Flame
 13900 | Lair:4   | Learned a level 2 spell: Jinxbite
 14152 | Lair:4   | Found a staircase to the Slime Pits.
 14965 | Temple   | Fell from the grace of Ignis
 14965 | Temple   | Became a worshipper of Nemelex Xobeh the Trickster
 15333 | Lair:2   | Killed Qavvik's ghost
 15342 | Lair:2   | Lost mutation: You are partially covered in iridescent
                  | scales. (AC +2) [potion of mutation]
 15342 | Lair:2   | Lost mutation: You have sharp toenails. [potion of
                  | mutation]
 15342 | Lair:2   | Gained mutation: Your magical capacity is low. (-10% MP)
                  | [potion of mutation]
 15342 | Lair:2   | Gained mutation: You have hidden genetic potential. [potion
                  | of mutation]
 15342 | Lair:2   | Gained mutation: You have great hidden genetic potential.
                  | [potion of mutation]
 15342 | Lair:2   | Gained mutation: Your flesh is heat resistant. (rF+)
                  | [potion of mutation]
 17550 | Lair:4   | Slain by a death yak

Illustrated notes

Levels and vault maps discovered:
D:1:      tarquinn_simple_flora_water_e, layout_loops_corners
D:2:      layout_loops_corners, shapermc_ecumenical_altar_pompeii,
          lemuel_flame_loot_1, uniq_crazy_yiuf_cottage, uniq_jessica
D:3:      cheibrodos_helix_gallery, layout_rooms, minmay_door_square
D:4:      layout_cave_pools, serial_shops, shop, uniq_menkaure, uniq_natasha
D:5:      layout_gridville, mainiacjoe_overflow_paths, grunt_ministairs_6,
          minmay_holes
D:6:      layout_basic, minmay_temple_entry_drinking_statues, serial_rivers,
          chequers_serial_rivers_large_a, chequers_serial_rivers_room_b,
          chequers_serial_rivers_micro_e, chequers_serial_rivers_micro_d,
          chequers_serial_rivers_small_3, chequers_serial_rivers_small_3
D:7:      layout_rooms, okawaru_trees_1, minmay_overflow_temple_star_quad,
          minmay_bent, uniq_duvessa, uniq_maurice
D:8:      layout_loops_cross
D:9:      layout_loops_ring, minitemple, due_lair_maze_entry_diamond,
          serial_shops, nicolae_shop_getting_attention, nicolae_stop_n_shop_2,
          nicolae_shop_tiny_real_fake_doors, shop, nicolae_shop_rolled_up,
          uniq_pikel
Temple:   dshaligram_water_room_temple
Lair:1:   layout_regular_city, chequers_serial_rivers_micro_c,
          grunt_megastairs_4
Lair:2:   layout_concentric_octagons, gammafunk_ghost_hydra_chop,
          minmay_lair_oklob_items
Lair:3:   layout_roguey, swamp_mist, spider_nest_entry_a, serial_bayou_shore_a,
          uniq_josephine
Lair:4:   layout_hall_layers, minmay_slime_entry_pillars,
          dreamdust_mushroom_princess, serial_bayou_ford_a, wad_woods_06

Skill      XL: |  1  2  3  4  5  6  7  8  9 10 11 12 13 |
---------------+----------------------------------------+-----
Maces & Flails | 4 5 7 9 11 12 | 12.2
Dodging        | 1 2 3 4 5 6 7 |  7.5
Fighting       | 5 6 7 8 9 11 12 | 12.1
Spellcasting   | 2 3 4 5 6 7 8 |  8.7
Fire Magic     | 3 4 5 6 7 |  7.5
Shields        | 1 2 3 4 |  4.0
Throwing       | 2 4 5 6 7 |  7.6
Invocations    | 3 5 7 8 |  8.8
Stealth        | |  0.2
Hexes          | |  0.2
Evocations     | |  0.3

Action                     |  1- 3 |  4- 6 |  7- 9 | 10-12 | 13-15 || total
---------------------------+-------+-------+-------+-------+-------++-------
  Melee: Mace              |   116 |    64 |   199 |   551 |   235 ||  1165
         Headbutt          |    11 |     7 |    27 |   129 |    70 ||   244
         Punch             |       |       |       |     3 |     4 ||     7
         Kick              |       |       |       |    33 |    66 ||    99
  Throw: Dart              |       |       |     1 |     5 |       ||     6
         Javelin           |       |       |       |     3 |       ||     3
   Cast: Scorch            |     5 |    14 |    20 |    76 |    29 ||   144
         Inner Flame       |       |       |       |     3 |       ||     3
 Invoke: Fiery Armour      |       |     1 |     1 |     4 |     2 ||     8
         Foxfire Swarm     |       |       |       |       |     1 ||     1
  Evoke: Wand              |       |       |       |     1 |     8 ||     9
    Use: Scroll            |       |     4 |     4 |     5 |     6 ||    19
         Potion            |       |       |       |     6 |    11 ||    17
   Stab: Sleeping          |       |       |     1 |     1 |       ||     2
 Armour: Robe              |    75 |    44 |   111 |   337 |   208 ||   775
  Dodge: Dodged            |    94 |    35 |   175 |   372 |   211 ||   887
  Block: Other             |       |       |    29 |   124 |    21 ||   174
         Reflection        |       |       |     1 |     4 |       ||     5
